AoeStats
← TTAITAI

Lombardia

509630556Analyzed
4v4 RM · 5d ago on Sep 27, 2026· 18m 55s· 8 players
Game mode
Random Map
Map size
Large (8 player)
Population
200
Speed
Normal
Resources
Standard
Victory
Conquest
Starting age
Dark Age
Ending age
Imperial Age
RankedLock teamsTeams togetherTeam positionsShared explorationLock speedFull tech treeHidden civsTurbo modeCheats
Victory
Defeat
🇮🇳 Bohemians · India
1267
+11
🇮🇳 Spanish · India
1245
+12
🇮🇳 Hindustanis · India
1241
+12
🇺🇸 Khmer · United States
1030
+20
🇹🇼 Persians · Taiwan
1168
-15
🇦🇷 Tatars · Argentina
1157
-14
🇨🇿 Slavs · Czechia
1136
-13
🇲🇽 Mapuche · Mexico
1132
-13
DESTINNI
4:46 Loom
10:19 Feudal Age
10:51 Double-Bit Axe
10:46 Horse Collar
Tlacaelel.MX
3:00 Loom
10:28 Feudal Age
14:57 Town Watch
17:04 Horse Collar
19:29 Castle Age
KillerINSTIC
7:19 Loom
9:45 Feudal Age
10:54 Double-Bit Axe
17:54 Castle Age
16:22 Scale Barding Armor
16:31 Bloodlines
16:49 Horse Collar
TTAITAI
9:41 Feudal Age
9:13 Loom
10:07 Double-Bit Axe
13:54 Horse Collar
19:25 Castle Age
P3psiMan
11:01 Feudal Age
12:45 Loom
16:10 Castle Age
14:17 Double-Bit Axe
14:56 Scale Barding Armor
16:20 Forging
17:02 Bloodlines
19:12 Husbandry
jesterkori
6:44 Loom
8:44 Feudal Age
10:12 Double-Bit Axe
12:11 Horse Collar
21:33 Castle Age
hawkizhere
7:41 Loom
9:54 Feudal Age
13:12 Double-Bit Axe
14:20 Horse Collar
14:50 Fletching
15:39 Wheelbarrow
Shot-A-Burger
6:41 Loom
6:48 Loom
11:16 Feudal Age
11:36 Feudal Age
14:59 Castle Age
12:58 Double-Bit Axe
14:02 Horse Collar
16:26 Bow Saw
17:53 Heavy Plow
Connection lost

Rejoining the realm…

Still unreachable

The connection could not be restored.

Session expired

The server has moved on; the page needs a fresh start.